 Dungeon Crawl Stone Soup version 0.30.0-5-g1a98f26d00 (webtiles) character file.

Game seed: 17402005198227199881

10742 McKennaii the Destroyer (level 11, -6/74 HPs)
             Began as a Demigod Conjurer on May 11, 2023.
             Mangled by a shadow (17 damage)
             ... on level 9 of the Dungeon.
             The game lasted 00:17:25 (11624 turns).

McKennaii the Destroyer (Demigod Conjurer)         Turns: 11624, Time: 00:17:28

Health: -6/74      AC:  7    Str:  8    XL:     11   Next: 17%
Magic:  1/30       EV: 12    Int: 32    God:
Gold:   492        SH:  0    Dex: 12    Spells: 24/31 levels left

rFire   + . .        D - +9 staff of Olgreb {rPois∞}
rCold   + . .        (no shield)
rNeg    . . .        B - +2 robe {rC+ rF+}
rPois   ∞            f - +0 helmet
rElec   .            v - +0 cloak
rCorr   .            u - +0 pair of gloves
SInv    .            (no boots)
Will    +....        (no amulet)
Stlth   ++           d - ring of wizardry
HPRegen 0.32/turn    (no ring)
MPRegen 0.22/turn

%: wizardry (x1)
@: about to teleport, marked
A: high MP 1, forlorn, divine attributes
a: Evoke the Staff of Olgreb


You were on level 9 of the Dungeon.
You visited 1 branch of the dungeon, and saw 9 of its levels.
You also visited: Bailey.

You collected 667 gold pieces.
You spent 175 gold pieces at shops.

Inventory:

Hand Weapons
 D - the +9 staff of Olgreb (weapon) {rPois∞}
   (You found it on level 6 of the Dungeon)

   It enhances your poison magic.
   It grants immunity to poison.
   It can be activated via the 'a'bility menu to radiate toxic energy, with
   effectiveness depending on Evocations skill.
Armour
 f - a +0 helmet (worn)
 u - a +0 pair of gloves (worn)
 v - a +0 cloak (worn)
 B - a +2 robe of resistance (worn)
Jewellery
 d - a ring of wizardry (left hand)
 y - an amulet of magic regeneration
Wands
 w - a wand of flame (10)
 C - a wand of paralysis (7)
Scrolls
 e - 3 scrolls of blinking
 k - a scroll of fear
 m - a scroll of amnesia
 q - 2 scrolls of enchant weapon
 r - a scroll of acquirement
 s - 2 scrolls of fog
 A - 4 scrolls of teleportation
 E - a scroll of summoning {unknown}
Potions
 a - 3 potions of might
 b - 4 potions of magic
 c - 2 potions of lignification
 g - 6 potions of curing
 h - a potion of resistance {unknown}
 i - 4 potions of flight
 j - 3 potions of mutation
 l - 2 potions of attraction {unknown}
 n - a potion of berserk rage {unknown}
 o - 2 potions of heal wounds {unknown}
 p - a potion of cancellation {unknown}
 t - a potion of ambrosia {unknown}
 x - 12 potions of degeneration
Miscellaneous
 z - a lightning rod (1/4)


   Skills:
 - Level 1.7 Dodging
 - Level 1.7 Stealth
 + Level 10.9 Spellcasting
 + Level 12.2 Conjurations
 + Level 2.3 Evocations


You had 24 spell levels left.
You knew the following spells:

 Your Spells              Type           Power      Damage    Failure   Level
a - Magic Dart            Conj           100%       1d8       0%          1
b - Searing Ray           Conj           100%       2d8       1%          2
c - Iskenderun's Mystic   Conj/Tloc      54%        2d12      1%          4

Your spell library contained the following spells:

 Spells                   Type           Power      Damage    Failure   Level
 Ensorcelled Hibernation  Hex/Ice        34%        N/A       1%          2
 Passwall                 Tmut/Erth      14%        N/A       1%          2
 Dazzling Flash           Conj/Hex       100%       N/A       1%          3
 Flame Wave               Conj/Fire      54%        2d13      1%          4
 Fulminant Prism          Conj/Hex       27%        3d14      1%          4
 Sticky Flame             Conj/Fire      54%        2d7       1%          4
 Inner Flame              Hex/Fire       17%        N/A       3%          3
 Swiftness                Air            17%        N/A       3%          3
 Tukima's Dance           Hex            17%        N/A       3%          3
 Volatile Blastmotes      Fire/Tloc      34%        2d12      3%          3
 Passage of Golubria      Tloc           17%        N/A       12%         4
 Alistair's Intoxication  Tmut/Pois      17%        N/A       30%         5
 Borgnjor's Vile Clutch   Necr/Erth      8%         N/A       30%         5
 Lee's Rapid Deconstruct  Erth           8%         3d7*      30%         5
 Yara's Violent Unravell  Hex/Tmut       8%         3d5       30%         5
 Eringya's Noxious Bog    Tmut/Pois      13%        N/A       83%         6


Dungeon Overview and Level Annotations

Branches:
Dungeon (9/15)             Temple (0/1) D:5            Lair (0/5) D:8
 Bailey (visited)
    Orc: D:9-12

Shops:
D:8 (?

Annotations:
D:6 1 runed translucent door
D:7 3 runed translucent doors, justviktor's ghost, novice MiFi


Innate Abilities, Weirdness & Mutations

You have an increased reservoir of magic. (+10% MP)
You shall have no god before yourself.
Your divine heritage dramatically boosts your attributes as you level up.


Message History

The magic dart hits the goblin skeleton!
You destroy the goblin skeleton!
An orc skeleton comes into view.
The magic dart hits the orc skeleton.
The orc skeleton is heavily damaged.
You are out of magic!
You are out of magic!
You are out of magic!
You are out of magic!
You hit the troll zombie.
You envenom the troll zombie.
The troll zombie is severely damaged.
The troll zombie bites you! The troll zombie claws you. x2
The shadow slips into darkness.
The shadow flickers and vanishes!
Deactivating autopickup; reactivate with Ctrl-A.
You hit the troll zombie.
The troll zombie is severely damaged.
The orc skeleton closely misses you.
The troll zombie bites you but does no damage.
The troll zombie claws you! The troll zombie claws you.
* * * LOW HITPOINT WARNING * * *
Unknown command.
You can't see any enemies this would affect, really read the scroll of fear?
Okay, then.
Unknown command.
Unknown command.
Okay, then.
Okay, then.
As you read the scroll of teleportation, it crumbles to dust.
You feel strangely unstable. The troll zombie bites you.
* * * LOW HITPOINT WARNING * * *
The troll zombie closely misses you. The troll zombie claws you.
* * * LOW HITPOINT WARNING * * *
You feel better. The troll zombie bites you.
* * * LOW HITPOINT WARNING * * *
The troll zombie claws you but does no damage.
The troll zombie claws you!
* * * LOW HITPOINT WARNING * * *
The shadow strikes at you from the darkness!
You die...

#####
#########@.Z##
.......#Z###Z##
#..Z...))#########
#
#.######ZZZ.?....#
.
#..........ZZ##...
#.
#.###.###.##.....
#.#####..##.# ..#
.#....
#....}......#####
. Z.#
###..#####...# Z8
Z.


You could see a hobgoblin zombie, an orc zombie, a troll zombie and an orc
skeleton.

Vanquished Creatures
  An orc warlord (Bailey)
  Harold (D:9)
  A sixfirhy (D:8)
  2 orc knights (Bailey)
  A cyclops (D:8)
  Sigmund (D:6)
  2 wyverns
  12 yaks (D:8)
  4 redbacks (D:6)
  4 water moccasins
  13 orc warriors
  An ice beast (D:7)
  2 sky beasts
  An ogre (D:5)
  2 black bears
  2 phantoms
  A bullfrog (D:8)
  3 kobold brigands
  11 scorpions
  8 wights
  7 killer bees (D:6)
  2 howler monkeys (D:8)
  2 hounds
  4 orc priests
  2 sleepcaps
  3 iguanas (D:6)
  An orc wizard (D:8)
  An ogre zombie (D:9)
  10 adders
  13 gnolls
  A shadow imp (D:5)
  3 white imps
  2 worms
  7 dart slugs
  43 orcs
  9 endoplasms
  3 giant cockroaches
  37 goblins
  18 hobgoblins
  10 quokkas
  8 ball pythons
  7 bats
  5 frilled lizards
  A goblin skeleton (D:9)
  A goblin zombie (D:9)
  A hobgoblin zombie (D:9)
  28 kobolds
  5 orc zombies (D:9)
  6 rats
313 creatures vanquished.

Notes
Turn   | Place    | Note
-------+----------+-------------------------------------------
     0 | D:1      | McKennaii the Demigod Conjurer began the quest for the Orb.
     0 | D:1      | Reached XP level 1. HP: 14/14 MP: 5/5
   192 | D:1      | Reached XP level 2. HP: 20/20 MP: 2/7
   324 | D:1      | Learned a level 2 spell: Searing Ray
   379 | D:1      | Reached skill level 4 in Conjurations
   762 | D:1      | Reached XP level 3. HP: 26/26 MP: 1/9
  2045 | D:3      | Reached XP level 4. HP: 33/33 MP: 7/11
  3286 | D:4      | Noticed a sky beast
  3294 | D:4      | Killed a sky beast
  3295 | D:4      | Reached skill level 5 in Conjurations
  3295 | D:4      | Reached XP level 5. HP: 38/38 MP: 2/13
  3395 | D:4      | Found a large runed translucent door.
  3395 | D:4      | Found a large runed translucent door.
  4573 | D:4      | Reached XP level 6. HP: 45/45 MP: 11/15
  4887 | D:4      | Learned a level 4 spell: Iskenderun's Mystic Blast
  5028 | D:5      | Entered Level 5 of the Dungeon
  5261 | D:5      | Reached skill level 6 in Conjurations
  5422 | D:5      | Reached skill level 5 in Spellcasting
  5422 | D:5      | Reached XP level 7. HP: 45/50 MP: 9/17
  5516 | D:5      | Identified the +0 robe of Beyond {rPois rC+ rN+ Int-3}
  5703 | D:5      | Found a staircase to the Ecumenical Temple.
  6260 | D:6      | Reached skill level 7 in Conjurations
  6593 | D:6      | Found the +9 staff of Olgreb {rPois∞}
  6604 | D:6      | Found a runed translucent gate.
  6604 | D:6      | Found a runed translucent gate.
  6605 | D:6      | Found a runed translucent door.
  6617 | D:6      | Found a runed translucent gate.
  6771 | D:6      | Noticed Sigmund
  6778 | D:6      | Killed Sigmund
  6779 | D:6      | Reached XP level 8. HP: 57/57 MP: 12/20
  6883 | D:6      | Found a runed translucent door.
  7359 | D:6      | Reached skill level 8 in Conjurations
  7574 | D:6      | Reached XP level 9. HP: 42/62 MP: 12/24
  7657 | D:6      | Reached skill level 9 in Conjurations
  8210 | D:7      | Found a runed translucent gate.
  8210 | D:7      | Found a runed translucent gate.
  8210 | D:7      | Found a runed translucent gate.
  8210 | D:7      | Noticed justviktor's ghost (novice MiFi)
  8787 | D:8      | Reached skill level 10 in Conjurations
  8869 | D:8      | Found Cujeff's Magic Scroll Shop.
  8877 | D:8      | Bought a scroll of teleportation for 39 gold pieces
  8877 | D:8      | Bought a scroll of teleportation for 39 gold pieces
  8877 | D:8      | Bought a scroll of magic mapping for 97 gold pieces
  8945 | D:8      | Reached XP level 10. HP: 48/69 MP: 15/27
  9098 | D:8      | Noticed a cyclops
  9123 | D:8      | Killed a cyclops
  9195 | D:8      | Reached skill level 11 in Conjurations
  9205 | D:8      | Found a flagged portal.
  9221 | Bailey   | Entered a bailey
  9666 | Bailey   | Reached skill level 10 in Spellcasting
  9964 | Bailey   | Noticed an orc knight
  9984 | Bailey   | Noticed an orc warlord
 10021 | Bailey   | Killed an orc warlord
 10025 | Bailey   | Killed an orc knight
 10166 | Bailey   | Noticed an orc knight
 10186 | Bailey   | Killed an orc knight
 10698 | D:8      | Found a runed translucent door.
 10810 | D:8      | Found Zisu Miwa's Antique Weapon Emporium.
 10919 | D:8      | Found a staircase to the Lair.
 11043 | D:8      | Noticed a sixfirhy
 11050 | D:8      | Killed a sixfirhy
 11051 | D:8      | Reached skill level 12 in Conjurations
 11051 | D:8      | Reached skill level 1 in Evocations
 11051 | D:8      | Reached XP level 11. HP: 74/74 MP: 18/30
 11591 | D:9      | Noticed Harold
 11613 | D:9      | Killed Harold
 11624 | D:9      | Mangled by a shadow

Illustrated notes

Levels and vault maps discovered:
D:1:      dpeg_arrival_subterranean_lakeside_camping, layout_basic,
          dreamdust_ecumenical_altar_angels_and_demons, st_stairs_14
D:2:      layout_loops_ring, basic_altar
D:3:      layout_basic
D:4:      corexii_shantytown, layout_basic,
          grunt_temple_overflow_gold_and_silver,
          mainiacjoe_overflow_cross_hatched, jmf_multi_god_temple2
D:5:      layout_rooms, gammafunk_temple_overflow_pools, temple_pool_b
D:6:      layout_basic, cheibriados_altar_1,
          minmay_guarded_unrand_staff_of_olgreb, uniq_sigmund
D:7:      layout_cave_pools, ebering_ghost_rock_garden
D:8:      layout_basic, nzn_makhleb_speed_demon,
          mainiacjoe_overflow_concentric_impassable, lair_entry_dummy,
          serial_shops, nicolae_shop_statue_plus, shop, enter_bailey_7
D:9:      layout_loops_ring, zombieorc2_lemuel, st_stairs_4, uniq_harold

Skill      XL: |  1  2  3  4  5  6  7  8  9 10 11 |
---------------+----------------------------------+-----
Spellcasting   | 2 3 4 5 6 7 9 10 | 10.9
Conjurations   | 4 5 6 7 8 10 12 | 12.2
Evocations     | 1 2 |  2.3
Dodging        | |  1.7
Stealth        | |  1.7

Action                     |  1- 3 |  4- 6 |  7- 9 | 10-12 || total
---------------------------+-------+-------+-------+-------++-------
  Melee: Unarmed           |    28 |       |     9 |       ||    37
         Punch             |     1 |       |       |     1 ||     2
         Staff             |       |       |    13 |    42 ||    55
   Cast: Magic Dart        |   108 |   172 |    93 |   115 ||   488
         Searing Ray       |       |     9 |    40 |    39 ||    88
         Iskenderun's Myst |       |       |     1 |    14 ||    15
Ability: Evoke the Staff o |       |       |       |    15 ||    15
  Evoke: Wand              |       |       |       |     5 ||     5
         Lightning rod     |       |       |       |     3 ||     3
    Use: Scroll            |       |       |    13 |     3 ||    16
         Potion            |       |       |       |     2 ||     2
 Armour: Robe              |    20 |    16 |    39 |    26 ||   101
  Dodge: Dodged            |    53 |    32 |    70 |    53 ||   208
